 Dungeon Crawl Stone Soup version 0.31-a0-236-g9a0961fb85 (webtiles) character file.

Game seed: 1216761226283935076

44057 qw the Marksminotaur (level 13, -1/118 HPs)
             Began as a Minotaur Hexslinger on July 10, 2023.
             Was an Elder of Okawaru.
             Succumbed to Nessos's poison
             ... on level 12 of the Dungeon.
             The game lasted 00:06:47 (15695 turns).

qw the Marksminotaur (Minotaur Hexslinger)         Turns: 15695, Time: 00:06:47

Health: -1/118     AC:  8    Str: 12    XL:     13   Next: 94%
Magic:  25/25      EV: 35    Int: 10    God:    Okawaru [****..]
Gold:   840        SH:  0    Dex: 28    Spells: 13/14 levels left

rFire   . . .        r - +4 triple crossbow
rCold   x . .        (shield currently unavailable)
rNeg    . . .        h - +1 robe of Unreason {rC- Will+ Dex+9}
rPois   +            (helmet restricted)
rElec   .            c - +2 cloak
rCorr   .            n - +0 pair of gloves
SInv    .            (no boots)
Will    +....        i
                       - Hermit's Pendant {Faith Invo=14 Evo=0 MP+5}
Stlth   ++++         j - +5 ring of evasion
HPRegen 0.39/turn    q - ring of poison resistance
MPRegen 0.19/turn

%: faith
@: lethally poisoned (-1 -> -13), about to teleport, heroic
A: horns 2, retaliatory headbutt, talons 1, deterioration 1, low MP 1
a: Renounce Religion, Heroism, Finesse


You were on level 12 of the Dungeon.
You worshipped Okawaru.
Okawaru was greatly pleased with you.
You visited 3 branches of the dungeon, and saw 18 of its levels.

You collected 1148 gold pieces.
You spent 308 gold pieces at shops.


Innate Abilities, Weirdness & Mutations

You have a pair of horns on your head.
You reflexively headbutt those who attack you in melee.
You have sharp toenails.
Your body sometimes deteriorates upon taking damage.
Your magical capacity is low. (-10% MP)


   Skills:
 - Level 12.0(17.0) Fighting
 + Level 18.2(23.2) Ranged Weapons
 - Level 3.0(8.0) Armour
 - Level 12.0(17.0) Dodging
 - Level 1.0 Spellcasting
 - Level 2.0 Hexes
 - Level 10.0(14.0) Invocations


You had 13 spell levels left.
You knew the following spells:

 Your Spells              Type           Power      Damage    Failure   Level
a - Slow                  Hex            16%        N/A       16%         1

Your spell library contained the following spells:

 Spells                   Type           Power      Damage    Failure   Level
 Inner Flame              Hex/Fire       2%         N/A       56%         3
 Portal Projectile        Hex/Tloc       4%         N/A       56%         3
 Cause Fear               Hex            2%         N/A       83%         4

Inventory:

Hand Weapons
 r - a +4 triple crossbow (weapon)
Armour
 c - a +2 cloak (worn)
 h - the +1 robe of Unreason (worn) {rC- Will+ Dex+9}
   (You found it on level 7 of the Dungeon)

   Dex:       It affects your dexterity (+9).
   rC:        It makes you vulnerable to cold.
   Will:      It increases your willpower.
 n - a +0 pair of gloves (worn)
Jewellery
 g - an amulet of reflection
 i - the Hermit's Pendant (around neck) {Faith Invo=14 Evo=0 MP+5}
   (You found it on level 7 of the Dungeon)

   [amulet of faith]

   Invo=14: It sets your Invocations skill to 14.
   Evo=0: It sets your Evocations skill to 0.
   It allows you to gain divine favour quickly.
   MP:        It affects your magic capacity (+5).
 j - a +5 ring of evasion (left hand)
 q - a ring of poison resistance (right hand)
 Y - a +4 ring of slaying {mikee}
Wands
 p - a wand of digging (9)
Scrolls
 a - 9 scrolls of identify
Potions
 b - 5 potions of enlightenment
 d - 7 potions of curing
 e - 7 potions of heal wounds
 f - 3 potions of cancellation
 k - 2 potions of mutation
 m - 2 potions of might

Dungeon Overview and Level Annotations

Branches:
Dungeon (12/15)            Temple (1/1) D:5            Lair (5/5) D:11
 Shoals (0/4) Lair:2       Spider (0/4) Lair:3        Slime (0/5) Lair:5
    Orc (0/2) D:10

Altars:
Ashenzari
Cheibriados
Dithmenos
Elyvilon
Fedhas
Gozag
Hepliaklqana
Kikubaaqudgha
Makhleb
Nemelex Xobeh
Okawaru
Qazlal
Ru
Sif Muna
Trog
Uskayaw
Vehumet
Wu Jian
Xom
Yredelemnul
Zin
The Shining One
Jiyva

Shops:
D:8 !

Annotations:
D:4 2 runed translucent doors, qw's ghost, amateur GrHs
D:12 Nessos
Lair:1 3 runed translucent doors, qw's ghost, journeyman GrFi


Message History

The bolt barely misses the slime creature.
You feel very sick.
Nessos mumbles some strange words.
Nessos seems to speed up.
The slime creature completely misses you.
Two slime creatures merge to form a large slime creature.
The slime creature closely misses you. You furiously retaliate!
You headbutt the slime creature!
Two slime creatures merge to form a large slime creature.
You shoot a bolt.
The bolt hits the large slime creature!!!
The large slime creature is severely wounded.
You feel very sick.
Nessos intently looks at you, slowly moving their tail.
The slime creature completely misses you.
Nessos casts a spell.
Nessos blinks!
You shoot a bolt. The bolt hits the large slime creature.
The large slime creature is severely wounded.
You feel very sick.
Nessos shoots an arrow.
The arrow closely misses you.
The slime creature completely misses you.
Nessos shoots an arrow.
The arrow hits you! The arrow burns you.
You are more poisoned.
The large slime creature completely misses you.
You furiously retaliate!
You headbutt the large slime creature!
The slime creature completely misses you.
You shoot a bolt.
The bolt barely misses the large slime creature.
You feel very sick.
Nessos shoots an arrow.
The arrow hits you! The arrow burns you.
Nessos shoots an arrow.
The arrow closely misses you.
A large slime creature splits.
The large slime creature completely misses you.
Nessos shoots an arrow.
The arrow hits you!! The arrow burns you.
The slime creature closely misses you.
15695 ||| READING scroll of teleportation.
As you read the scroll of teleportation, it crumbles to dust.
You feel strangely unstable.
You die...

#..............##
#........c..........#
#...................#
#...................#
#.####..............#
#. #..............# #
#..............#
#........J.....#.
#........@J....'.
#.......TJJ....#.
#..!...........#
#..............#
#................
#................
#................
+................
#...............


You could see Nessos (fast), a large slime creature, 3 slime creatures and a
troll.

Vanquished Creatures
  2 catoblepae (Lair:5)
  4 hydras
  2 boulder beetles
  2 two-headed ogres
  A centaur warrior (D:11)
  A pharaoh ant (Lair:3)
  An oklob plant (Lair:3)
  2 ugly things (D:11)
  Maurice (D:9)
  6 black mambas
  2 gargoyles (D:10)
  A torpor snail (Lair:1)
  22 cane toads
  3 rime drakes
  2 kobold demonologists (D:11)
  10 komodo dragons
  A tengu conjurer (D:7)
  A polar bear (Lair:3)
  11 blink frogs
  2 tarantellas (Lair:3)
  A hornet (D:7)
  2 tyrant leeches (Lair:5)
  2 jumping spiders (Lair:3)
  5 slime creatures (D:12)
  2 wraiths
  7 wyverns
  50 yaks
  4 steam dragons
  A basilisk (Lair:2)
  Menkaure (D:7)
  5 vampire mosquitoes (Lair:5)
  2 acid dragons
  11 water moccasins
  2 black bears
  2 sky beasts (D:7)
  21 wolves
  An ogre (D:7)
  12 centaurs
  2 phantoms (D:6)
  4 kobold brigands
  21 bullfrogs
  3 gnoll sergeants
  A scorpion (D:6)
  11 wights
  2 howler monkeys
  An electric eel (Lair:5)
  4 hounds
  A jelly (D:4)
  3 orc priests (D:9)
  9 orc wizards
  Ijyb (D:5)
  4 sleepcaps
  5 iguanas
  13 gnolls
  3 adders
  A shadow imp (D:6)
  2 white imps
  An ufetubus (D:6)
  2 worms
  3 dart slugs
  14 orcs
  7 ball pythons
  2 endoplasms (D:4)
  3 giant cockroaches
  6 goblins
  7 hobgoblins
  11 jackals
  24 kobolds
  A quokka (D:1)
  6 bats
  5 frilled lizards
  7 rats
398 creatures vanquished.

Notes
Turn   | Place    | Note
-------+----------+-------------------------------------------
     0 | D:1      | qw the Minotaur Hexslinger began the quest for the Orb.
     0 | D:1      | Reached XP level 1. HP: 16/16 MP: 1/1
     0 | D:1      | 0 ||| qw: Version: 0.3-a-51-g015441d
     0 | D:1      | 0 ||| qw: Game counter: 4501
     0 | D:1      | 0 ||| qw: Melee chars always use a shield: true
     0 | D:1      | 0 ||| qw: God list: Okawaru
     0 | D:1      | 0 ||| qw: Allow faded altars: false
     0 | D:1      | 0 ||| qw: Do Orc after clearing Dungeon:15 true
     0 | D:1      | 0 ||| qw: Do second Lair branch before Depths: true
     0 | D:1      | 0 ||| qw: Lair rune preference: random
     0 | D:1      | 0 ||| qw: Goals: Normal
     0 | D:1      | 0 ||| PLANNING D:1-11
    46 | D:1      | 46 ||| FLEEEEING.
    47 | D:1      | 47 ||| FLEEEEING.
    48 | D:1      | 48 ||| FLEEEEING.
    49 | D:1      | 49 ||| FLEEEEING.
    50 | D:1      | 50 ||| FLEEEEING.
    51 | D:1      | 51 ||| FLEEEEING.
    66 | D:1      | Reached skill level 3 in Ranged Weapons
    72 | D:1      | Reached XP level 2. HP: 23/23 MP: 2/2
   215 | D:1      | Reached XP level 3. HP: 29/29 MP: 3/3
   442 | D:1      | 442 ||| READING scroll labelled SUFOUXT MOCSUO.
   443 | D:1      | 443 ||| READING scroll labelled OFUC LIRELOCK.
   444 | D:1      | 444 ||| DROPPING scroll of poison.
   472 | D:2      | Reached skill level 4 in Ranged Weapons
   479 | D:2      | Reached XP level 4. HP: 17/36 MP: 4/4
   629 | D:2      | 629 ||| FLEEEEING.
   630 | D:2      | 630 ||| FLEEEEING.
   631 | D:2      | 631 ||| FLEEEEING.
   632 | D:2      | 632 ||| FLEEEEING.
   633 | D:2      | 633 ||| FLEEEEING.
   634 | D:2      | 634 ||| FLEEEEING.
   635 | D:2      | 635 ||| FLEEEEING.
   636 | D:2      | 636 ||| FLEEEEING.
   637 | D:2      | 637 ||| FLEEEEING.
   638 | D:2      | 638 ||| FLEEEEING.
   639 | D:2      | 639 ||| FLEEEEING.
   640 | D:2      | 640 ||| FLEEEEING.
   641 | D:2      | 641 ||| FLEEEEING.
   642 | D:2      | 642 ||| FLEEEEING.
   643 | D:2      | 643 ||| FLEEEEING.
   644 | D:2      | 644 ||| FLEEEEING.
   645 | D:2      | 645 ||| FLEEEEING.
   646 | D:2      | 646 ||| FLEEEEING.
   647 | D:2      | 647 ||| FLEEEEING.
   648 | D:2      | 648 ||| FLEEEEING.
   649 | D:2      | 649 ||| FLEEEEING.
   650 | D:2      | 650 ||| FLEEEEING.
   651 | D:2      | 651 ||| FLEEEEING.
   652 | D:2      | 652 ||| FLEEEEING.
   653 | D:2      | 653 ||| FLEEEEING.
   654 | D:2      | 654 ||| FLEEEEING.
   655 | D:2      | 655 ||| FLEEEEING.
   656 | D:2      | 656 ||| FLEEEEING.
   657 | D:2      | 657 ||| FLEEEEING.
   658 | D:2      | 658 ||| FLEEEEING.
   659 | D:2      | 659 ||| FLEEEEING.
   660 | D:2      | 660 ||| FLEEEEING.
   661 | D:2      | 661 ||| FLEEEEING.
   662 | D:2      | 662 ||| FLEEEEING.
   663 | D:2      | 663 ||| FLEEEEING.
   664 | D:2      | 664 ||| FLEEEEING.
   665 | D:2      | 665 ||| STAIRDANCE
   904 | D:2      | Found a faded altar of an unknown god.
   995 | D:2      | Reached skill level 5 in Ranged Weapons
  1366 | D:2      | 1366 ||| READING scroll labelled UMORIM WUKKAA.
  1367 | D:2      | 1367 ||| READING scroll labelled BAIRIGRA IXUL.
  1368 | D:2      | 1368 ||| DRINKING 2 fuming white potions.
  1369 | D:2      | 1369 ||| DRINKING 2 lumpy silvery potions.
  1369 | D:2      | Gained mutation: You are vulnerable to cold. (rC-) [potion
                  | of mutation]
  1370 | D:2      | 1370 ||| DRINKING potion of mutation.
  1370 | D:2      | Lost mutation: You are vulnerable to cold. (rC-) [potion of
                  | mutation]
  1370 | D:2      | Gained mutation: Your magical capacity is low. (-10% MP)
                  | [potion of mutation]
  1370 | D:2      | Gained mutation: You have sharp toenails. [potion of
                  | mutation]
  1370 | D:2      | Gained mutation: Your body sometimes deteriorates upon
                  | taking damage. [potion of mutation]
  1371 | D:2      | 1371 ||| READING 4 scrolls of identify.
  1371 | D:2      | 1371 ||| IDENTIFYING grey potion
  1555 | D:3      | 1555 ||| FLEEEEING.
  1556 | D:3      | 1556 ||| FLEEEEING.
  1557 | D:3      | 1557 ||| FLEEEEING.
  1558 | D:3      | 1558 ||| FLEEEEING.
  1559 | D:3      | 1559 ||| FLEEEEING.
  1560 | D:3      | 1560 ||| FLEEEEING.
  1561 | D:3      | 1561 ||| FLEEEEING.
  1562 | D:3      | 1562 ||| FLEEEEING.
  1563 | D:3      | 1563 ||| FLEEEEING.
  1564 | D:3      | 1564 ||| FLEEEEING.
  1565 | D:3      | 1565 ||| STAIRDANCE
  1673 | D:2      | 1673 ||| UPGRADING to +0 ring mail.
  1683 | D:2      | 1683 ||| DROPPING +0 robe.
  1684 | D:2      | 1684 ||| READING scroll labelled VUXENNU RYPIUK.
  1685 | D:2      | 1685 ||| READING 3 scrolls of identify.
  1685 | D:2      | 1685 ||| IDENTIFYING cyan potion
  2004 | D:3      | Reached skill level 1 in Armour
  2130 | D:3      | 2130 ||| UPGRADING to amulet of the acrobat.
  2203 | D:4      | Reached XP level 5. HP: 31/44 MP: 4/4
  2214 | D:4      | 2214 ||| FLEEEEING.
  2264 | D:4      | Reached skill level 3 in Fighting
  2332 | D:4      | Found a large runed translucent door.
  2332 | D:4      | Found a large runed translucent door.
  2535 | D:4      | Found a shimmering blue altar of Sif Muna.
  2831 | D:4      | Noticed qw's ghost (amateur GrHs)
  3087 | D:4      | 3087 ||| UPGRADING to +5 ring of evasion.
  3088 | D:4      | 3088 ||| READING scroll labelled AVUYCEHONN.
  3089 | D:4      | 3089 ||| READING scroll labelled DUFUMO ASCHUFOKIY.
  3090 | D:4      | 3090 ||| READING scroll labelled DINLISTUWO.
  3113 | D:5      | Entered Level 5 of the Dungeon
  3113 | D:5      | Noticed a black bear
  3117 | D:5      | 3117 ||| STAIRDANCE
  3121 | D:4      | Killed a black bear
  3122 | D:4      | Reached skill level 6 in Ranged Weapons
  3122 | D:4      | Reached XP level 6. HP: 46/51 MP: 5/5
  3181 | D:5      | 3181 ||| STAIRDANCE
  3559 | D:5      | Reached skill level 7 in Ranged Weapons
  3661 | D:5      | Reached XP level 7. HP: 59/59 MP: 6/6
  3677 | D:5      | Found a staircase to the Ecumenical Temple.
  3678 | D:5      | 3678 ||| PLANNING TEMPLE
  3678 | D:5      | 3678 ||| READING scroll labelled VIADAI PURAU.
  3682 | D:5      | 3682 ||| READING scroll labelled ZUKOHO QECRUS.
  3683 | D:5      | 3683 ||| READING 4 scrolls of identify.
  3683 | D:5      | 3683 ||| IDENTIFYING glowing emerald potion
  3684 | D:5      | 3684 ||| READING 3 scrolls of identify.
  3684 | D:5      | 3684 ||| IDENTIFYING sedimented ruby potion
  3685 | D:5      | 3685 ||| DROPPING potion of degeneration.
  3686 | D:5      | 3686 ||| DROPPING potion of attraction.
  3708 | Temple   | Entered the Ecumenical Temple
  3776 | Temple   | 3776 ||| PLANNING OKAWARU WORSHIP
  4005 | Temple   | Became a worshipper of Warmaster Okawaru
  4006 | Temple   | 4006 ||| PLANNING D:1-11
  4106 | D:5      | 4106 ||| DRINKING potion of curing.
  4106 | D:5      | 4106 ||| (to cure confusion)
  4164 | D:5      | HP: 13/59 [something/magic dart (3)]
  4169 | D:5      | HP: 12/59 [something (1)]
  4371 | D:5      | Reached skill level 8 in Ranged Weapons
  4423 | D:5      | Noticed Ijyb
  4451 | D:5      | Killed Ijyb
  4597 | D:5      | 4597 ||| READING scroll labelled IGEFUJ UJACS.
  4620 | D:6      | 4620 ||| PLANNING SEWER
  4648 | D:6      | Reached * piety under Okawaru
  4649 | D:6      | Reached skill level 9 in Ranged Weapons
  4667 | D:6      | 4667 ||| INVOKING Heroism.
  4673 | D:6      | Reached XP level 8. HP: 32/68 MP: 4/7
  4801 | D:6      | 4801 ||| SWAPPING to +0 orcbow.
  4810 | D:6      | Reached skill level 3 in Dodging
  4810 | D:6      | Reached skill level 1 in Invocations
  4855 | D:6      | 4855 ||| DROPPING +2 sling of freezing.
  5026 | D:6      | Reached skill level 6 in Fighting
  5026 | D:6      | Reached skill level 3 in Invocations
  5071 | D:6      | 5071 ||| INVOKING Heroism.
  5073 | D:6      | 5073 ||| Stepping ~*~*~tactically~*~*~ (cloud).
  5076 | D:6      | 5076 ||| Stepping ~*~*~tactically~*~*~ (outnumbered).
  5089 | D:6      | Reached ** piety under Okawaru
  5317 | D:6      | 5317 ||| RIP SEWER
  5422 | D:6      | 5422 ||| PLANNING D:1-11
  5477 | D:6      | 5477 ||| READING scroll labelled KAWOYLOWAS.
  5478 | D:6      | 5478 ||| READING scroll labelled FUNENOSATE.
  5525 | D:7      | 5525 ||| INVOKING Heroism.
  5533 | D:7      | HP: 13/70 [wraith (12)]
  5534 | D:7      | 5534 ||| DRINKING 3 potions of heal wounds.
  5537 | D:7      | 5537 ||| DRINKING 2 potions of heal wounds.
  5538 | D:7      | Reached skill level 10 in Ranged Weapons
  5538 | D:7      | Reached XP level 9. HP: 46/75 MP: 7/9
  5763 | D:7      | 5763 ||| INVOKING Heroism.
  5835 | D:7      | Found an ornate altar of the Wu Jian Council.
  5965 | D:7      | 5965 ||| INVOKING Heroism.
  6272 | D:7      | Identified the +1 robe of Unreason {rC- Will+ Dex+9}
  6401 | D:7      | Found an ancient bone altar of Kikubaaqudgha.
  6471 | D:7      | Noticed Menkaure
  6472 | D:7      | 6472 ||| INVOKING Heroism.
  6476 | D:7      | Killed Menkaure
  6903 | D:7      | Noticed a tengu conjurer
  6904 | D:7      | Found a faded altar of an unknown god.
  6904 | D:7      | Found the Hermit's Pendant {Faith Invo=14 Evo=0 MP+5}
  6914 | D:7      | Killed a tengu conjurer
  6915 | D:7      | Reached skill level 11 in Ranged Weapons
  7006 | D:7      | 7006 ||| UPGRADING to +1 robe of Unreason {rC- Will+
                  | Dex+9}.
  7016 | D:7      | 7016 ||| DROPPING +0 ring mail.
  7017 | D:7      | 7017 ||| UPGRADING to Hermit's Pendant {Faith Invo=14 Evo=0
                  | MP+5}.
  7098 | D:7      | 7098 ||| DRINKING 3 fizzy white potions.
  7099 | D:7      | 7099 ||| DRINKING potion of curing.
  7099 | D:7      | 7099 ||| (to cure confusion)
  7100 | D:7      | 7100 ||| DROPPING 2 potions of ambrosia.
  7228 | D:8      | Found Futol's Distillery.
  7240 | D:8      | 7240 ||| BUYING 2 potions of curing (84 gold).
  7240 | D:8      | Bought 2 potions of curing for 84 gold pieces
  7240 | D:8      | 7240 ||| BUYING potion of cancellation (112 gold).
  7240 | D:8      | Bought a potion of cancellation for 112 gold pieces
  7240 | D:8      | 7240 ||| BUYING potion of curing (42 gold).
  7240 | D:8      | Bought a potion of curing for 42 gold pieces
  7240 | D:8      | 7240 ||| SHOPLISTING potion of haste (140 gold, have 76).
  7240 | D:8      | 7240 ||| BUYING potion of heal wounds (70 gold).
  7240 | D:8      | Bought a potion of heal wounds for 70 gold pieces
  7290 | D:8      | Reached *** piety under Okawaru
  7296 | D:8      | Reached skill level 6 in Dodging
  7429 | D:8      | 7429 ||| FLEEEEING.
  7811 | D:8      | 7811 ||| UPGRADING to +0 cloak.
  7816 | D:8      | 7816 ||| DROPPING amulet of the acrobat.
  7867 | D:9      | 7867 ||| Stepping ~*~*~tactically~*~*~ (outnumbered).
  7869 | D:9      | 7869 ||| Stepping ~*~*~tactically~*~*~ (outnumbered).
  7871 | D:9      | 7871 ||| Stepping ~*~*~tactically~*~*~ (outnumbered).
  7873 | D:9      | 7873 ||| INVOKING Heroism.
  8022 | D:9      | Found a burning altar of Makhleb.
  8028 | D:9      | Found a glowing silver altar of Zin.
  8028 | D:9      | Noticed a cacodemon
  8028 | D:9      | Noticed an angel
  8067 | D:9      | Noticed Maurice
  8069 | D:9      | 8069 ||| FLEEEEING.
  8070 | D:9      | 8070 ||| FLEEEEING.
  8071 | D:9      | 8071 ||| FLEEEEING.
  8089 | D:9      | Killed Maurice
  8090 | D:9      | Reached XP level 10. HP: 79/86 MP: 17/17
  8259 | D:9      | Reached skill level 12 in Ranged Weapons
  8305 | D:9      | 8305 ||| INVOKING Heroism.
  8312 | D:9      | 8312 ||| Stepping ~*~*~tactically~*~*~ (outnumbered).
  8421 | D:9      | 8421 ||| INVOKING Heroism.
  8669 | D:9      | 8669 ||| UPGRADING to +2 cloak.
  8679 | D:9      | 8679 ||| DROPPING +0 cloak.
  8680 | D:9      | 8680 ||| UPGRADING to +0 pair of gloves.
  8685 | D:9      | 8685 ||| UPGRADING to +4 ring of slaying {mikee}.
  8686 | D:9      | 8686 ||| READING 4 scrolls of identify.
  8686 | D:9      | 8686 ||| IDENTIFYING green potion
  8697 | D:10     | Entered Level 10 of the Dungeon
  8773 | D:10     | Noticed a gargoyle
  8781 | D:10     | Killed a gargoyle
  8781 | D:10     | Reached **** piety under Okawaru
  8809 | D:10     | 8809 ||| Stepping ~*~*~tactically~*~*~ (outnumbered).
  9003 | D:10     | 9003 ||| INVOKING Heroism.
  9024 | D:10     | Noticed a two-headed ogre
  9025 | D:10     | Noticed a gargoyle
  9035 | D:10     | Killed a gargoyle
  9035 | D:10     | Reached ***** piety under Okawaru
  9037 | D:10     | Killed a two-headed ogre
  9038 | D:10     | Reached skill level 6 in Invocations
  9232 | D:10     | 9232 ||| INVOKING Heroism.
  9233 | D:10     | 9233 ||| Stepping ~*~*~tactically~*~*~ (cloud).
  9234 | D:10     | 9234 ||| Stepping ~*~*~tactically~*~*~ (cloud).
  9373 | D:10     | Reached skill level 13 in Ranged Weapons
  9528 | D:10     | Found a staircase to the Orcish Mines.
  9630 | D:11     | Found a staircase to the Lair.
  9639 | D:11     | 9639 ||| INVOKING Heroism.
  9673 | D:11     | Noticed a brown ugly thing
  9677 | D:11     | Killed a brown ugly thing
  9678 | D:11     | Reached XP level 11. HP: 95/95 MP: 18/18
  9879 | D:11     | Noticed a purple ugly thing
  9886 | D:11     | Killed a purple ugly thing
  9909 | D:11     | Noticed a centaur warrior
  9910 | D:11     | 9910 ||| Stepping ~*~*~tactically~*~*~ (outnumbered).
  9914 | D:11     | Noticed a boulder beetle
  9915 | D:11     | 9915 ||| INVOKING Heroism.
  9916 | D:11     | 9916 ||| INVOKING Finesse.
  9924 | D:11     | Killed a centaur warrior
  9924 | D:11     | Received a gift from Okawaru
  9925 | D:11     | Reached skill level 9 in Fighting
  9949 | D:11     | Killed a boulder beetle
  9975 | D:11     | 9975 ||| SWAPPING to +0 arbalest of flaming.
  9976 | D:11     | 9976 ||| DROPPING +0 orcbow.
 10093 | D:11     | 10093 ||| Stepping ~*~*~tactically~*~*~ (outnumbered).
 10095 | D:11     | 10095 ||| Stepping ~*~*~tactically~*~*~ (outnumbered).
 10097 | D:11     | 10097 ||| Stepping ~*~*~tactically~*~*~ (outnumbered).
 10099 | D:11     | 10099 ||| INVOKING Heroism.
 10100 | D:11     | Noticed a soul eater
 10100 | D:11     | 10100 ||| INVOKING Finesse.
 10101 | D:11     | 10101 ||| Stepping ~*~*~tactically~*~*~ (outnumbered).
 10350 | D:11     | 10350 ||| PLANNING LAIR
 10350 | D:11     | 10350 ||| READING 5 scrolls of identify.
 10350 | D:11     | 10350 ||| IDENTIFYING bubbling dark potion
 10351 | D:11     | 10351 ||| DROPPING potion of brilliance.
 10403 | Lair:1   | Entered Level 1 of the Lair of Beasts
 10410 | Lair:1   | Reached skill level 9 in Dodging
 10476 | Lair:1   | 10476 ||| INVOKING Heroism.
 10538 | Lair:1   | Noticed a minotaur
 10539 | Lair:1   | Noticed qw's ghost (journeyman GrFi)
 10541 | Lair:1   | Noticed a boulder beetle
 10552 | Lair:1   | Found a runed translucent gate.
 10552 | Lair:1   | Found a runed translucent gate.
 10552 | Lair:1   | Found a runed translucent gate.
 10700 | Lair:1   | Received a gift from Okawaru
 10711 | Lair:1   | Reached skill level 9 in Invocations
 10713 | Lair:1   | 10713 ||| INVOKING Heroism.
 10842 | Lair:1   | 10842 ||| INVOKING Heroism.
 10905 | Lair:1   | 10905 ||| INVOKING Heroism.
 10910 | Lair:1   | Reached skill level 14 in Ranged Weapons
 11018 | Lair:1   | 11018 ||| INVOKING Heroism.
 11093 | Lair:1   | 11093 ||| INVOKING Heroism.
 11098 | Lair:1   | Reached XP level 12. HP: 87/106 MP: 19/19
 11516 | Lair:1   | 11516 ||| READING scroll labelled YMOUR UTWILIU.
 11517 | Lair:1   | 11517 ||| READING 4 scrolls of identify.
 11517 | Lair:1   | 11517 ||| IDENTIFYING viscous purple potion
 11518 | Lair:1   | 11518 ||| READING 3 scrolls of identify.
 11518 | Lair:1   | 11518 ||| IDENTIFYING viscous ruby potion
 11519 | Lair:1   | 11519 ||| DROPPING potion of lignification.
 11520 | Lair:1   | 11520 ||| DROPPING potion of berserk rage.
 11553 | Lair:2   | 11553 ||| INVOKING Heroism.
 11631 | Lair:2   | Found a dark tunnel.
 11668 | Lair:2   | Found a staircase to the Shoals.
 11679 | Lair:2   | 11679 ||| Stepping ~*~*~tactically~*~*~ (outnumbered).
 11761 | Lair:2   | 11761 ||| INVOKING Heroism.
 11779 | Lair:2   | Noticed a boulder beetle
 11783 | Lair:2   | Killed a boulder beetle
 11842 | Lair:2   | Reached skill level 15 in Ranged Weapons
 11851 | Lair:2   | 11851 ||| INVOKING Heroism.
 12146 | Lair:2   | 12146 ||| INVOKING Heroism.
 12324 | Lair:2   | Noticed a five-headed hydra
 12325 | Lair:2   | 12325 ||| INVOKING Heroism.
 12328 | Lair:2   | Killed a five-headed hydra
 12603 | Lair:2   | 12603 ||| UPGRADING to ring of poison resistance.
 12605 | Lair:2   | 12605 ||| DROPPING +6 ring of intelligence.
 12626 | Lair:3   | 12626 ||| INVOKING Heroism.
 12627 | Lair:3   | 12627 ||| INVOKING Finesse.
 12758 | Lair:3   | 12758 ||| INVOKING Heroism.
 12760 | Lair:3   | Reached skill level 16 in Ranged Weapons
 12960 | Lair:3   | 12960 ||| INVOKING Heroism.
 13135 | Lair:3   | 13135 ||| INVOKING Heroism.
 13139 | Lair:3   | Reached skill level 3 in Armour
 13225 | Lair:3   | Found a hole to the Spider Nest.
 13233 | Lair:3   | 13233 ||| INVOKING Heroism.
 13235 | Lair:3   | Received a gift from Okawaru
 13321 | Lair:3   | 13321 ||| SWAPPING to +4 triple crossbow.
 13322 | Lair:3   | 13322 ||| DROPPING +0 arbalest of flaming.
 13335 | Lair:3   | Reached XP level 13. HP: 116/116 MP: 20/20
 13700 | Lair:4   | 13700 ||| INVOKING Heroism.
 13757 | Lair:4   | 13757 ||| INVOKING Heroism.
 13814 | Lair:4   | Reached skill level 17 in Ranged Weapons
 13883 | Lair:4   | 13883 ||| INVOKING Heroism.
 14097 | Lair:4   | 14097 ||| INVOKING Heroism.
 14103 | Lair:4   | Received a gift from Okawaru
 14128 | Lair:4   | Identified the +5 flail "Resyuneq" {heavy, rC+ Str+2}
 14370 | Lair:4   | 14370 ||| DROPPING ring of magical power.
 14382 | Lair:5   | Entered Level 5 of the Lair of Beasts
 14383 | Lair:5   | 14383 ||| INVOKING Heroism.
 14522 | Lair:5   | Found a viscous altar of Jiyva.
 14522 | Lair:5   | Found a staircase to the Slime Pits.
 14630 | Lair:5   | 14630 ||| INVOKING Heroism.
 14652 | Lair:5   | Identified the +1 ring mail of the Orb {Str+2 Int-4 Dex+4}
                  | (Okawaru gifted it to you on level 5 of the Lair of Beasts)
 14652 | Lair:5   | Received a gift from Okawaru
 14669 | Lair:5   | Reached skill level 18 in Ranged Weapons
 14669 | Lair:5   | 14669 ||| INVOKING Heroism.
 14679 | Lair:5   | 14679 ||| INVOKING Finesse.
 14679 | Lair:5   | HP: 26/116 [acid (8)]
 14680 | Lair:5   | 14680 ||| READING 2 scrolls of teleportation.
 14680 | Lair:5   | HP: 10/116 [goliath frog (17)]
 14680 | Lair:5   | HP: 1/116 [acid (9)]
 14681 | Lair:5   | 14681 ||| DRINKING 8 potions of heal wounds.
 14682 | Lair:5   | 14682 ||| DRINKING 7 potions of heal wounds.
 14686 | Lair:5   | 14686 ||| FLEEEEING.
 14687 | Lair:5   | 14687 ||| FLEEEEING.
 14692 | Lair:5   | 14692 ||| STAIRDANCE
 14961 | Lair:5   | 14961 ||| INVOKING Heroism.
 14962 | Lair:5   | 14962 ||| INVOKING Finesse.
 15041 | Lair:5   | 15041 ||| INVOKING Heroism.
 15063 | Lair:5   | Reached skill level 12 in Fighting
 15074 | Lair:5   | 15074 ||| INVOKING Heroism.
 15138 | Lair:5   | 15138 ||| Stepping ~*~*~tactically~*~*~ (water).
 15148 | Lair:5   | 15148 ||| INVOKING Heroism.
 15351 | Lair:5   | 15351 ||| INVOKING Heroism.
 15403 | Lair:5   | 15403 ||| Stepping ~*~*~tactically~*~*~ (cloud).
 15405 | Lair:5   | 15405 ||| Stepping ~*~*~tactically~*~*~ (cloud).
 15408 | Lair:5   | 15408 ||| INVOKING Heroism.
 15412 | Lair:5   | Reached skill level 12 in Dodging
 15474 | Lair:5   | 15474 ||| PLANNING D
 15474 | Lair:5   | 15474 ||| DROPPING +3 leather armour of cold resistance.
 15475 | Lair:5   | 15475 ||| DROPPING +1 ring mail of the Orb {Str+2 Int-4
                  | Dex+4}.
 15684 | D:12     | Noticed Nessos
 15687 | D:12     | 15687 ||| INVOKING Heroism.
 15694 | D:12     | HP: 23/118 [Nessos/arrow (11)]
 15694 | D:12     | HP: 4/118 [Nessos/arrow (18)]
 15694 | D:12     | HP: 1/118 [Nessos/arrow (3)]
 15695 | D:12     | 15695 ||| READING scroll of teleportation.
 15695 | D:12     | Succumbed to Nessos's poison

Levels and vault maps discovered:
D:1:      minmay_arrival_solitary_statue, layout_rooms, minmay_misc_feat_cross
D:2:      layout_basic, hellmonk_ecumenical_altar_zigzags, minivault_11,
          minmay_strange_pillars
D:3:      layout_loops_ring
D:4:      layout_basic, kennysheep_orc_sif_temple, ebering_ghost_disaster_area,
          kennysheep_generic_room_8
D:5:      layout_cave_pools, minmay_temple_entry_grid,
          minmay_a_box_with_orc_wizards_in_it, uniq_ijyb
D:6:      layout_rooms, portal_sewer_entry_d, st_stairs_8
D:7:      layout_layer_cave, nicolae_wu_jian_wuxing_cycle, kennysheep_mini_moat,
          hellmonk_guarded_unrand_hermit, uniq_menkaure
D:8:      layout_loops_ring, serial_shops, shop
D:9:      layout_roguey, grunt_temple_overflow_order_and_chaos_2, uniq_maurice
D:10:     layout_layer_cave, orc_0_dummy
D:11:     layout_small_grid, david_lair_shrubbed, st_stairs_2,
          hangedman_abyss_or_decor_stabs
D:12:     layout_gridville, uniq_nessos, uniq_erolcha
Temple:   minmay_temple_bridge_d
Lair:1:   layout_layer_cave, maelrawn_ghost_gauntlet_escape, minivault_23,
          grunt_megastairs_1
Lair:2:   layout_cave_pods, minmay_shoals_entry_centaurs,
          nicolae_volcano_entry_s_turn
Lair:3:   layout_regular_city, nicolae_spider_entry_lesser_pyramids,
          beast_lair_carwin_8, serial_bayou_shore_b
Lair:4:   layout_gridlike, grunt_megastairs_4
Lair:5:   minmay_lair_end_frog_pond, layout_regular_city, slime_entry_1,
          patterned_corridor

Skill      XL: |  1  2  3  4  5  6  7  8  9 10 11 12 13 |
---------------+----------------------------------------+-----
Ranged Weapons | 3 4 5 6 7 9 10 11 13 14 16 18 | 18.2
Fighting       | 2 3 4 5 6 7 8 9 11 12 | 12.0
Armour         | 1 2 3 |  3.0
Dodging        | 3 7 8 9 10 12 | 12.0
Invocations    | 4 6 9 10 | 10.0
Spellcasting   | |  1.0
Hexes          | |  2.0

Action                     |  1- 3 |  4- 6 |  7- 9 | 10-12 | 13-15 || total
---------------------------+-------+-------+-------+-------+-------++-------
   Fire: Sling             |    89 |   236 |    94 |       |       ||   419
         Orcbow            |       |       |   236 |   194 |       ||   430
         Arbalest          |       |       |       |   271 |       ||   271
         Triple crossbow   |       |       |       |     4 |   218 ||   222
 Invoke: Heroism           |       |       |     7 |    23 |    14 ||    44
         Finesse           |       |       |       |     3 |     2 ||     5
    Use: Scroll            |     2 |     8 |     7 |     5 |     2 ||    24
         Potion            |       |     3 |     5 |       |     2 ||    10
 Armour: Robe              |     1 |     6 |     3 |     9 |    11 ||    30
         Ring mail         |       |    37 |    57 |       |       ||    94
  Dodge: Dodged            |    12 |   116 |   173 |   187 |   171 ||   659

Table legend:
 A = Non-vault XP
 B = Vault XP
 C = Vault XP percentage of total XP
 D = Non-vault monster count
 E = Vault monster count
 F = Vault count percentage of total count
                 A         B        C        D         E       F
            +---------+---------+-------+---------+---------+-------
      Total |   44696 |   18243 |  29.0 |     321 |      77 |  19.3
            +---------+---------+-------+---------+---------+-------
        D:1 |      66 |       0 |   0.0 |      26 |       0 |   0.0
        D:2 |      90 |       0 |   0.0 |      22 |       0 |   0.0
        D:3 |      24 |       0 |   0.0 |      12 |       0 |   0.0
        D:4 |     247 |      40 |  13.9 |      20 |       2 |   9.1
        D:5 |     420 |     177 |  29.6 |      11 |       5 |  31.2
        D:6 |    1436 |     101 |   6.6 |      19 |       2 |   9.5
        D:7 |     945 |     520 |  35.5 |       6 |       2 |  25.0
        D:8 |     792 |       0 |   0.0 |      17 |       0 |   0.0
        D:9 |    1534 |     472 |  23.5 |      24 |       1 |   4.0
       D:10 |    3392 |       0 |   0.0 |      22 |       0 |   0.0
       D:11 |    3441 |    1220 |  26.2 |      22 |       3 |  12.0
       D:12 |    2187 |       0 |   0.0 |       7 |       0 |   0.0
     Lair:1 |    6610 |    1880 |  22.1 |      27 |       9 |  25.0
     Lair:2 |    7013 |     455 |   6.1 |      25 |       4 |  13.8
     Lair:3 |    4843 |    3308 |  40.6 |      20 |      13 |  39.4
     Lair:4 |    5821 |    1054 |  15.3 |      20 |       4 |  16.7
     Lair:5 |    5835 |    9016 |  60.7 |      21 |      32 |  60.4
            +---------+---------+-------+---------+---------+-------
